[Event "Titled Tuesday Blitz November 22 Early 2022"]
[White "Papasimakopoulos, Alexandros"]
[Black "Ivic, Velimir"]
[WhiteFideId "4244125"]
[BlackFideId "950122"]
[WhiteElo "2365"]
[BlackElo "2625"]
[Result "1/2-1/2"]
[Round "03"]
[TimeControl "180+1"]
[Date "2022.11.22"]
[WhiteClock "0:00:14"]
[BlackClock "0:00:28"]

1. d4 Nf6 2. c4 g6 3. Nc3 Bg7 4. Bg5 O-O 5. e3 d6 6. Be2 Nbd7 7. Nf3 e5 8. dxe5 dxe5 9. Nd2 h6 10. Bh4 c6 11. O-O Qc7 12. Bg3 Re8 13. Qc2 Nc5 14. b4 Ne6 15. c5 Ng5 16. h4 Ngh7 17. Nc4 Re7 18. Nd6 Nf8 19. Bc4 Nh5 20. Bh2 Be6 21. Be2 a5 22. a3 axb4 23. axb4 Rxa1 24. Rxa1 b6 25. Bxh5 gxh5 26. Nf5 Bxf5 27. Qxf5 bxc5 28. bxc5 Qd7 29. Qc2 Qg4 30. Ra4 Qe6 31. Ne4 Rb7 32. Nd6 Rb8 33. Bg3 Nd7 34. Ra6 Nf6 35. Rxc6 Ng4 36. Ra6 Qd5 37. Ra1 Bf8 38. Qc4 Qxc4 39. Nxc4 Rc8 40. Nxe5 Bg7 41. Nxg4 Bxa1 42. Nxh6+ Kg7 43. Nf5+ Kf6 44. Nd6 Rc6 45. Bf4 Ke6 46. Ne4 f5 47. Ng3 Bf6 48. Bd6 Bxh4 49. Nxh5 Ra6 50. Nf4+ Kd7 51. g3 Bf6 52. Nd5 Bg7 53. Kg2 Ra2 54. Ne7 Ke6 55. Ng6 Bc3 56. Nf4+ Kd7 57. Kf3 Kc6 58. Nd3 Rd2 59. Nf4 Rc2 60. Ne2 Kd5 61. Nf4+ Kc6 62. Ne2 Kd5 63. Nf4+ Kc6 1/2-1/2


[Site "https://www.chess.com"]

[Event "Titled Tuesday Blitz November 22 Early 2022"]
[White "Papp, Levente"]
[Black "Gubanov, Oleg"]
[WhiteFideId "751243"]
[BlackFideId "14115115"]
[WhiteElo "2380"]
[BlackElo "2158"]
[Result "1-0"]
[Round "03"]
[TimeControl "180+1"]
[Date "2022.11.23"]
[WhiteClock "0:00:10"]
[BlackClock "0:00:01"]

1. d4 b5 2. a4 b4 3. c4 bxc3 4. Nxc3 e6 5. e4 Bb7 6. Bd3 Nf6 7. Nf3 Bb4 8. Qe2 c5 9. d5 exd5 10. exd5+ Qe7 11. Qxe7+ Kxe7 12. O-O Bxc3 13. bxc3 Bxd5 14. Ba3 d6 15. Rfe1+ Be6 16. Ng5 h6 17. Nxe6 fxe6 18. Bf5 e5 19. f4 Nbd7 20. fxe5 Nxe5 21. Bxc5 dxc5 22. Rxe5+ Kd6 23. Re6+ Kd5 24. Re7 Rhe8 25. Rxg7 Rg8 26. Re7 Rae8 27. Rae1 Rxe7 28. Rxe7 Kc4 29. Be6+ Kxc3 30. Bxg8 c4 31. Bf7 1-0


[Site "https://www.chess.com"]

[Event "Titled Tuesday Blitz November 22 Early 2022"]
[White "Paravyan, David"]
[Black "Kravtsiv, Martyn"]
[WhiteFideId "4194985"]
[BlackFideId "14113147"]
[WhiteElo "2546"]
[BlackElo "2694"]
[Result "0-1"]
[Round "03"]
[TimeControl "180+1"]
[Date "2022.11.22"]
[WhiteClock "0:00:06"]
[BlackClock "0:00:06"]

1. e4 e5 2. Nf3 Nc6 3. Nc3 Nf6 4. d4 exd4 5. Nxd4 Bb4 6. Nxc6 bxc6 7. Bd3 O-O 8. O-O d5 9. Bd2 Rb8 10. Re1 Re8 11. exd5 Rxe1+ 12. Qxe1 cxd5 13. Na4 Bd6 14. b4 Ng4 15. h3 Ne5 16. Qe3 d4 17. Qe4 g6 18. Nc5 Bf5 19. Qe2 Nxd3 20. Nxd3 Qe8 21. Qxe8+ Rxe8 22. Kf1 f6 23. b5 Kf7 24. a4 Be6 25. Bb4 Bxb4 26. Nxb4 Bc4+ 27. Kg1 c5 28. bxc6 a5 29. Nd3 Rc8 30. Rb1 Bxd3 31. cxd3 Rxc6 32. Rb7+ Ke6 33. Kf1 Rc3 34. Ke2 Ra3 35. Rxh7 Rxa4 36. Ra7 Ra3 37. f4 a4 38. g4 Ra1 39. Ra6+ Kd5 40. Kf2 a3 41. Kg3 a2 42. Kh4 Kc5 43. g5 f5 44. Ra4 Kb5 45. Ra8 Kb4 46. Ra7 Kc3 47. Ra5 Kxd3 48. Ra3+ Ke4 49. Ra4 Ke3 50. Ra3+ d3 51. Ra6 d2 52. Re6+ Kd3 53. Rd6+ Kc3 54. Rc6+ Kb4 55. Rb6+ Kc5 56. Rb2 d1=Q 57. Rg2 Qe1+ 58. Rg3 Qxg3+ 59. Kxg3 Rb1 60. Kh4 a1=Q 61. Kg3 Qd4 62. Kh4 Qxf4# 0-1


[Site "https://www.chess.com"]

[Event "Titled Tuesday Blitz November 22 Early 2022"]
[White "Petrova, Irina"]
[Black "Zainullina, Nataliya"]
[WhiteFideId "14124122"]
[BlackFideId "4145488"]
[WhiteElo "2023"]
[BlackElo "2096"]
[Result "1-0"]
[Round "03"]
[TimeControl "180+1"]
[Date "2022.11.23"]
[WhiteClock "0:00:07"]
[BlackClock "0:00:05"]

1. e4 c6 2. d4 d5 3. Nc3 dxe4 4. Nxe4 Nf6 5. Nxf6+ exf6 6. Be3 Bd6 7. Bd3 Na6 8. c3 Nc7 9. Ne2 Nd5 10. Qd2 Be6 11. Nf4 Nxf4 12. Bxf4 O-O 13. O-O Re8 14. Rfe1 Qc7 15. Bxd6 Qxd6 16. Re3 Rad8 17. Rae1 c5 18. dxc5 Qxc5 19. Qc2 g6 20. h3 Kg7 21. b3 Re7 22. Bc4 Bf5 23. Qc1 Red7 24. a4 Rd2 25. R3e2 Rxe2 26. Rxe2 a6 27. Qe3 Qc6 28. Qe7 Rd7 29. Qe8 b5 30. axb5 axb5 31. Bxf7 Rxf7 32. Qxc6 Rd7 33. Kh2 Bd3 34. Rd2 Rf7 35. Rxd3 f5 36. Rd7 Rxd7 37. Qxd7+ Kh6 38. Qxb5 Kg5 39. Qe5 h5 40. f4+ Kh6 41. Qh8# 1-0


[Site "https://www.chess.com"]

[Event "Titled Tuesday Blitz November 22 Early 2022"]
[White "Pham, Khoi"]
[Black "Aloma Vidal, Robert"]
[WhiteFideId "1054988"]
[BlackFideId "2260409"]
[WhiteElo "2449"]
[BlackElo "2435"]
[Result "1-0"]
[Round "03"]
[TimeControl "180+1"]
[Date "2022.11.23"]
[WhiteClock "0:01:18"]
[BlackClock "0:00:06"]

1. e4 e5 2. Nf3 Nf6 3. Nc3 Nc6 4. a3 d5 5. Bb5 d4 6. Ne2 Bd6 7. Ng3 O-O 8. O-O Ne7 9. d3 h6 10. Nh4 Be6 11. Nhf5 Nxf5 12. Nxf5 c6 13. Ba4 Bc7 14. Qf3 Kh8 15. Qh3 Nh7 16. Bb3 Ng5 17. Qh5 Bxf5 18. exf5 e4 19. dxe4 Nxe4 20. Bxh6 gxh6 21. Qxh6+ Kg8 22. Qg6+ Kh8 23. Qh5+ Kg8 24. Qg4+ Qg5 25. Qxe4 Rad8 26. Rad1 Qf6 27. Rd3 Kg7 28. Qg4+ Kh7 29. Rh3+ Qh4 30. Rxh4# 1-0


[Site "https://www.chess.com"]

[Event "Titled Tuesday Blitz November 22 Early 2022"]
[White "Principe, Gerson"]
[Black "Topalov, Aleksandar"]
[WhiteFideId "3804550"]
[BlackFideId "925659"]
[WhiteElo "2280"]
[BlackElo "2179"]
[Result "1-0"]
[Round "03"]
[TimeControl "180+1"]
[Date "2022.11.23"]
[WhiteClock "0:00:04"]
[BlackClock "0:00:01"]

1. d4 Nf6 2. Nf3 g6 3. e3 Bg7 4. Be2 O-O 5. O-O d6 6. c4 Ne4 7. Nc3 Nxc3 8. bxc3 b6 9. a4 a5 10. Ba3 Nd7 11. Nd2 Bb7 12. Bf3 Qc8 13. Rb1 e5 14. Qb3 Bxf3 15. Nxf3 Re8 16. Qb5 c6 17. Qb3 Qc7 18. Rfd1 c5 19. dxc5 dxc5 20. e4 Rab8 21. Bc1 Nf6 22. Qc2 Qc6 23. Re1 h6 24. Nd2 Bf8 25. Nf1 Kh7 26. f3 Bd6 27. Ne3 Bc7 28. Nd5 Nxd5 29. cxd5 Qd7 30. c4 Bd6 31. Bb2 Qe7 32. Bc3 h5 33. Rb2 Bc7 34. Qd3 Qd7 35. Qd1 f6 36. Rf2 g5 37. g3 Kg6 38. Bd2 Rg8 39. Kh1 Qh3 40. f4 exf4 41. gxf4 gxf4 42. Bxf4 Bxf4 43. Rxf4 Rbe8 44. Rg1+ Kf7 45. Qf1 Rxg1+ 46. Qxg1 Rg8 47. Qf2 Qc3 48. Rf3 Qe5 49. Rf4 Ke7 50. Qf3 Qd4 51. Qf2 Qd1+ 52. Qf1 Qd2 53. Qf2 Qd4 54. Qxd4 cxd4 55. Rf3 Kd6 56. Rxf6+ Ke5 57. Re6+ Kf4 58. Rxb6 Kxe4 59. Re6+ 1-0


[Site "https://www.chess.com"]

[Event "Titled Tuesday Blitz November 22 Early 2022"]
[White "Prithu Gupta"]
[Black "Tologon tegin, Semetei"]
[WhiteFideId "46618546"]
[BlackFideId "13800574"]
[WhiteElo "2344"]
[BlackElo "2282"]
[Result "1/2-1/2"]
[Round "03"]
[TimeControl "180+1"]
[Date "2022.11.23"]
[WhiteClock "0:00:21"]
[BlackClock "0:00:17"]

1. c4 c5 2. Nc3 Nc6 3. g3 e5 4. Bg2 g6 5. e3 Bg7 6. Nge2 Nge7 7. h4 h6 8. O-O O-O 9. d3 d6 10. Nd5 Nxd5 11. cxd5 Ne7 12. e4 Bg4 13. f3 Bd7 14. a4 b6 15. h5 f5 16. hxg6 Nxg6 17. Bh3 f4 18. Bxd7 Qxd7 19. g4 h5 20. gxh5 Nh4 21. Kf2 Qh3 22. Rg1 Qxf3+ 23. Ke1 c4 24. h6 Ng2+ 25. Rxg2 Qxg2 26. hxg7 f3 27. gxf8=Q+ Rxf8 28. Be3 f2+ 29. Bxf2 Rxf2 30. Kd2 cxd3 31. Kxd3 Qf3+ 32. Kd2 Qf4+ 33. Kd3 Qf3+ 34. Kd2 Qf4+ 35. Kd3 Qf3+ 1/2-1/2


[Site "https://www.chess.com"]

[Event "Titled Tuesday Blitz November 22 Early 2022"]
[White "Prohorov, Olexandr"]
[Black "Orlov, Georgi"]
[WhiteFideId "14105578"]
[BlackFideId "2011271"]
[WhiteElo "1993"]
[BlackElo "2528"]
[Result "0-1"]
[Round "03"]
[TimeControl "180+1"]
[Date "2022.11.23"]
[WhiteClock "0:00:02"]
[BlackClock "0:00:29"]

1. d4 Nf6 2. c4 Nc6 3. Nc3 e5 4. e3 Bb4 5. Nf3 exd4 6. exd4 O-O 7. Be2 Ne4 8. Qc2 Re8 9. Be3 d5 10. O-O Bxc3 11. bxc3 Bf5 12. Qc1 Bg4 13. h3 Bh5 14. cxd5 Qxd5 15. c4 Qa5 16. Re1 Nc3 17. g4 Nxe2+ 18. Rxe2 Bg6 19. d5 Nb4 20. Qc3 Qa4 21. Nd4 a6 22. h4 h5 23. f4 hxg4 24. f5 Bh5 25. f6 g6 26. a3 g3 27. Ree1 Qd7 28. axb4 Qh3 29. Qd2 Re4 30. Qg2 Qxh4 31. Nf3 Bxf3 32. Qxf3 Rae8 0-1


[Site "https://www.chess.com"]

[Event "Titled Tuesday Blitz November 22 Early 2022"]
[White "Rakhmanov, Aleksandr"]
[Black "D`Arruda, Ricardo D."]
[WhiteFideId "4173708"]
[BlackFideId "100692"]
[WhiteElo "2530"]
[BlackElo "2506"]
[Result "1/2-1/2"]
[Round "03"]
[TimeControl "180+1"]
[Date "2022.11.23"]
[WhiteClock "0:00:09"]
[BlackClock "0:00:27"]

1. d4 Nf6 2. c4 e5 3. dxe5 Ne4 4. a3 Nc6 5. Nf3 d6 6. Bf4 g5 7. Nbd2 gxf4 8. Nxe4 dxe5 9. Qxd8+ Kxd8 10. O-O-O+ Ke7 11. Nc3 f6 12. Nd5+ Kf7 13. Nxc7 Rb8 14. e3 fxe3 15. fxe3 Bg4 16. h3 Bh5 17. g4 Bg6 18. Rd7+ Be7 19. c5 Rhd8 20. Bc4+ Kg7 21. Ne6+ Kh6 22. Nxd8 Rxd8 23. Rxd8 Nxd8 24. b4 Be4 25. Rf1 Nc6 26. Nh4 a5 27. Nf5+ Bxf5 28. Rxf5 axb4 29. axb4 Nxb4 30. g5+ Kg6 31. gxf6 Bxf6 32. e4 Nc6 33. Kd2 Nd4 34. Rf2 Be7 35. Rf7 Bxc5 36. Rxb7 Nf3+ 37. Kd3 Ng5 38. h4 Nf3 39. Bf7+ Kh6 40. Rc7 Bd4 41. Bg8 Nxh4 42. Rxh7+ Kg5 43. Rf7 Ng2 44. Bh7 Nf4+ 45. Kc4 Kg4 46. Bf5+ Kf3 47. Rb7 Ne2 48. Rb3+ Kf4 49. Rh3 Ng3 50. Rh4+ Ke3 51. Kd5 Ne2 52. Ke6 Nf4+ 53. Kf6 Ne2 54. Rh8 Ng3 55. Ra8 Nxe4+ 56. Bxe4 Kxe4 57. Ra3 Kd5 58. Kf5 Kc4 59. Ke4 Kc5 60. Ra8 Kc4 61. Rc8+ Kb3 62. Kd5 Kb4 63. Rc4+ Kb3 64. Rc6 Kb4 65. Rc8 Kb3 66. Ke4 Kb4 67. Kd3 Kb5 68. Rb8+ Kc5 69. Ra8 Kd5 70. Ra2 Kc5 71. Ra5+ Kb4 72. Ra6 Kb5 73. Ra2 Kc5 74. Rc2+ Kd5 75. Rc8 Kd6 76. Kc4 Ke6 77. Rf8 Ke7 78. Rh8 Kd6 79. Rh6+ Ke7 80. Kd5 Kf7 81. Rc6 Ke7 82. Re6+ Kf7 83. Rh6 Kg7 84. Rc6 Kf7 85. Ke4 Ke7 86. Kf5 Kd7 87. Ra6 Ke7 88. Re6+ Kd7 89. Kf6 Kc7 90. Ke7 Bc5+ 91. Ke8 Bd4 92. Kf7 Kd7 93. Kf6 Kc7 94. Kf5 Kd7 95. Rg6 Kc7 96. Ke4 Kd7 97. Ra6 Ke7 98. Rh6 Kf7 99. Kd5 Ke7 100. Rh7+ Kf6 101. Rh1 Ke7 102. Rf1 Kd7 103. Rf7+ Ke8 104. Ke6 Kd8 105. Rh7 Kc8 106. Kd6 Kb8 1/2-1/2


[Site "https://www.chess.com"]

[Event "Titled Tuesday Blitz November 22 Early 2022"]
[White "Ravot, Sylvain"]
[Black "Ibadov, Dashgyn"]
[WhiteFideId "627763"]
[BlackFideId "24107514"]
[WhiteElo "2195"]
[BlackElo "2208"]
[Result "0-1"]
[Round "03"]
[TimeControl "180+1"]
[Date "2022.11.23"]
[WhiteClock "0:00:02"]
[BlackClock "0:00:56"]

1. e4 e5 2. Nf3 Nc6 3. Bb5 a6 4. Ba4 Nf6 5. d3 b5 6. Bb3 Bc5 7. O-O d6 8. c3 h6 9. a4 Rb8 10. axb5 axb5 11. Nbd2 O-O 12. Re1 Bb6 13. Nf1 Ne7 14. Ng3 Ng6 15. d4 Re8 16. h3 Bb7 17. Bc2 exd4 18. cxd4 c5 19. d5 c4 20. Be3 Bxe3 21. Rxe3 Nd7 22. Nd4 Qb6 23. Ngf5 Nde5 24. g3 Bc8 25. Kh2 Bxf5 26. exf5 Nf8 27. f6 g6 28. Qd2 Nfd7 29. f4 c3 30. Qe2 Qxd4 31. fxe5 Nxe5 0-1


[Site "https://www.chess.com"]

[Event "Titled Tuesday Blitz November 22 Early 2022"]
[White "Rosenberg, Evan S"]
[Black "Vargas, Mauricio"]
[WhiteFideId "2019299"]
[BlackFideId "4404572"]
[WhiteElo "2346"]
[BlackElo "2025"]
[Result "1-0"]
[Round "03"]
[TimeControl "180+1"]
[Date "2022.11.23"]
[WhiteClock "0:00:59"]
[BlackClock "0:00:04"]

1. d4 d5 2. Nf3 c6 3. c3 Bg4 4. Qc2 e6 5. Ne5 Bh5 6. g4 Bg6 7. Nxg6 hxg6 8. Bf4 Bd6 9. Bxd6 Qxd6 10. h3 Nf6 11. Bg2 Ne4 12. Nd2 f5 13. Nxe4 dxe4 14. O-O-O Nd7 15. Kb1 O-O-O 16. c4 Kb8 17. e3 Qc7 18. Rd2 e5 19. d5 cxd5 20. cxd5 Qa5 21. Rhd1 Rc8 22. Qb3 Nc5 23. Qc3 Nd3 24. Qxa5 Rc5 25. Qa3 Rhc8 26. Rxd3 exd3 27. Qxd3 e4 28. Qd4 Rc4 29. Qxg7 1-0


[Site "https://www.chess.com"]

[Event "Titled Tuesday Blitz November 22 Early 2022"]
[White "Rosh Jain"]
[Black "Gedgafov, Chamal"]
[WhiteFideId "25789465"]
[BlackFideId "34130621"]
[WhiteElo "2233"]
[BlackElo "2067"]
[Result "1/2-1/2"]
[Round "03"]
[TimeControl "180+1"]
[Date "2022.11.23"]
[WhiteClock "0:00:05"]
[BlackClock "0:01:29"]

1. e4 e6 2. d4 d5 3. Nc3 dxe4 4. Nxe4 Nf6 5. Bg5 Nbd7 6. Nf3 h6 7. Bxf6 Nxf6 8. Bd3 c5 9. dxc5 Nxe4 10. Bxe4 Qa5+ 11. c3 Qxc5 12. O-O Be7 13. Qe2 Qc7 14. Rad1 a6 15. Rd4 Bf6 16. Rc4 Qb6 17. Rb4 Qc7 18. Rd1 O-O 19. Bc2 Rd8 20. Rxd8+ Qxd8 21. Rf4 Rb8 22. Qe4 g6 23. Rg4 Bg7 24. Ne5 Qd5 25. Nf3 Qxe4 26. Rxe4 Bd7 27. Re1 Bc6 28. Ne5 Bxe5 29. Rxe5 Rd8 30. Re2 Bb5 31. Re1 Rd2 32. Rc1 Kg7 33. f3 f5 34. b3 Bd3 35. Bxd3 Rxd3 36. a4 Rd2 37. b4 Ra2 38. a5 Rb2 39. Re1 Kf6 40. Re3 e5 41. Rd3 Ke7 42. Rd5 Re2 43. Rc5 Kd6 44. Kf1 Rc2 45. Rc8 h5 46. c4 e4 47. c5+ Kd7 48. Rg8 exf3 49. Rg7+ Kc6 50. gxf3 Rxh2 51. Rxg6+ Kc7 52. Rg5 Rb2 53. Rxf5 Rxb4 54. Rxh5 Ra4 55. Rh7+ Kc6 56. Rh6+ Kxc5 57. Rb6 Rxa5 58. Rxb7 Ra2 59. f4 Kd6 60. f5 Ke5 61. Rf7 Ra4 62. Rf8 Kd6 63. f6 Ke6 64. f7 Ke7 65. Rc8 Kxf7 66. Ke2 Rd4 67. Rc6 a5 68. Ke3 Rh4 69. Ra6 a4 70. Kd3 Ke7 71. Kc3 Kd7 72. Kb2 Kc7 73. Ka3 Kb7 74. Rxa4 Rh1 75. Kb4 Rb1+ 76. Ka5 Kc6 77. Rc4+ Kb7 78. Rb4+ Rxb4 79. Kxb4 1/2-1/2


[Site "https://www.chess.com"]

[Event "Titled Tuesday Blitz November 22 Early 2022"]
[White "Spalir, Monika"]
[Black "Lohani, Sujana"]
[WhiteFideId "14609118"]
[BlackFideId "12311987"]
[WhiteElo "2032"]
[BlackElo "1691"]
[Result "1-0"]
[Round "03"]
[TimeControl "180+1"]
[Date "2022.11.23"]
[WhiteClock "0:01:03"]
[BlackClock "0:00:02"]

1. d4 g6 2. Nf3 Bg7 3. Bf4 d6 4. e3 c6 5. h3 Nd7 6. Be2 Qc7 7. O-O e5 8. Bh2 Ne7 9. c4 O-O 10. Nc3 Re8 11. b4 exd4 12. exd4 Nf5 13. c5 a5 14. b5 cxb5 15. Nxb5 Qc6 16. Nxd6 Nxd6 17. Bxd6 Nf6 18. Rb1 Bf5 19. Bb5 Qc8 20. Bxe8 Nxe8 21. Rb6 Qd7 22. Re1 Nxd6 23. Rxd6 Qb5 24. Ne5 Qa4 25. Qxa4 1-0


[Site "https://www.chess.com"]

[Event "Titled Tuesday Blitz November 22 Early 2022"]
[White "Sadhwani, Raunak"]
[Black "Goltsev, Dmitry"]
[WhiteFideId "35093487"]
[BlackFideId "24176710"]
[WhiteElo "2656"]
[BlackElo "2289"]
[Result "0-1"]
[Round "03"]
[TimeControl "180+1"]
[Date "2022.11.22"]
[WhiteClock "0:00:06"]
[BlackClock "0:00:02"]

1. e4 e6 2. Qe2 d5 3. exd5 Qxd5 4. Nc3 Qd8 5. Nf3 Nf6 6. g3 b6 7. Bg2 Bb7 8. O-O Be7 9. d4 O-O 10. Rd1 Nbd7 11. a4 Re8 12. a5 bxa5 13. Rxa5 c5 14. Ra1 cxd4 15. Rxd4 Qb6 16. Rd1 Nc5 17. Be3 Qxb2 18. Bd4 Qb6 19. Rdb1 Qc7 20. Nb5 Qd8 21. Rd1 Qb6 22. Rdb1 Qd8 23. Be5 Nfd7 24. Rd1 Qc8 25. Bd6 Ne4 26. Bxe7 Rxe7 27. Nfd4 Nc3 28. Nxc3 Bxg2 29. Nf5 Re8 30. Nd6 Qxc3 31. Nxe8 Bf3 32. Qd3 Qxd3 33. Rxd3 Ne5 34. Re3 Rxe8 35. Rxe5 Ra8 36. Rea5 g6 37. Rxa7 Rc8 38. R7a3 Bd5 39. Rc1 Kg7 40. f3 Rc4 41. Kf2 h5 42. Rd3 h4 43. c3 hxg3+ 44. hxg3 Ra4 45. Rd4 Ra2+ 46. Ke3 f5 47. c4 Ra3+ 48. Rd3 Rxd3+ 49. Kxd3 Bxf3 50. Kd4 Kf6 51. Re1 g5 52. Kc5 e5 53. Kd6 f4 54. c5 fxg3 55. Rf1 e4 56. c6 g2 57. Rg1 e3 58. c7 Bb7 59. Rxg2 Kf5 60. Rb2 Bc8 61. Kd5 Kf4 62. Kd4 Bg4 63. Kd3 Kf3 64. Rb8 Bf5+ 65. Kd4 e2 66. Rf8 e1=Q 67. Rxf5+ Kg4 68. c8=Q Qd2+ 69. Ke5 Qa5+ 70. Ke4 Qb4+ 71. Ke3 Qb3+ 72. Kd4 Qb2+ 0-1


[Site "https://www.chess.com"]

[Event "Titled Tuesday Blitz November 22 Early 2022"]
[White "Sadubayev, Airat"]
[Black "Gjestemoen-VonHirsch, Andre"]
[WhiteFideId "13713264"]
[BlackFideId "1539531"]
[WhiteElo "2160"]
[BlackElo "2198"]
[Result "0-1"]
[Round "03"]
[TimeControl "180+1"]
[Date "2022.11.23"]
[WhiteClock "0:00:07"]
[BlackClock "0:01:05"]

1. d4 g6 2. c4 c5 3. d5 b5 4. cxb5 a6 5. bxa6 Bg7 6. Nf3 Nf6 7. Nc3 O-O 8. e4 Qa5 9. Bd2 Bxa6 10. Bxa6 Qxa6 11. Qe2 d6 12. a4 Nfd7 13. Qxa6 Nxa6 14. O-O Rfb8 15. Rfb1 Nb4 16. Ne1 Nb6 17. Nb5 Rxa4 18. Rxa4 Nxa4 19. b3 Rxb5 20. bxa4 Ra5 21. Bxb4 cxb4 22. Rxb4 Bc3 23. Rb8+ Kg7 24. Nf3 Rxa4 25. g3 Rxe4 26. Kg2 Re2 27. Rb7 Kf6 28. Rb3 Bb2 29. Rd3 h6 30. Rb3 g5 31. h4 g4 32. Nh2 h5 33. Nf1 Bd4 34. Ne3 Bxe3 35. Rxe3 Rxe3 36. fxe3 Ke5 37. Kf2 Kxd5 38. Ke2 Ke4 39. Kf2 e5 40. Ke2 f5 41. Kf2 f4 42. exf4 exf4 43. gxf4 Kxf4 44. Kg2 g3 45. Kh3 d5 46. Kg2 Kg4 47. Kg1 Kf3 48. Kh1 g2+ 49. Kh2 d4 50. Kg1 d3 51. Kh2 d2 52. Kh3 d1=Q 53. Kh2 Qh1# 0-1


[Site "https://www.chess.com"]

[Event "Titled Tuesday Blitz November 22 Early 2022"]
[White "Safin, Robert"]
[Black "Ai, Evan"]
[WhiteFideId "34189120"]
[BlackFideId "2094770"]
[WhiteElo "2253"]
[BlackElo "1963"]
[Result "1-0"]
[Round "03"]
[TimeControl "180+1"]
[Date "2022.11.23"]
[WhiteClock "0:00:10"]
[BlackClock "0:00:29"]

1. e4 e5 2. Nf3 Nc6 3. d4 exd4 4. Nxd4 Nf6 5. Nxc6 bxc6 6. e5 Nd5 7. c4 Nb6 8. Bd3 Qe7 9. O-O g6 10. f4 Nxc4 11. Kh1 Nb6 12. f5 gxf5 13. Qh5 Bb7 14. Bg5 Qb4 15. Nc3 Be7 16. Bxf5 O-O-O 17. a3 Qxb2 18. Bxe7 Qxc3 19. Bxd8 Rxd8 20. Qxf7 Qxe5 21. a4 c5 22. a5 Nd5 23. a6 Bc6 24. Bh3 c4 25. Rad1 Ne3 26. Qxd7+ Bxd7 27. Bxd7+ Kb8 28. Rb1+ 1-0


[Site "https://www.chess.com"]

[Event "Titled Tuesday Blitz November 22 Early 2022"]
[White "Salinas Herrera, Pablo"]
[Black "Sargissyan, Sargis"]
[WhiteFideId "3407128"]
[BlackFideId "13303210"]
[WhiteElo "2557"]
[BlackElo "2109"]
[Result "1-0"]
[Round "03"]
[TimeControl "180+1"]
[Date "2022.11.23"]
[WhiteClock "0:00:06"]
[BlackClock "0:00:13"]

1. d4 Nf6 2. Nf3 g6 3. Nbd2 Bg7 4. e4 d6 5. Bb5+ c6 6. Bd3 O-O 7. O-O e5 8. c3 Nbd7 9. h3 Re8 10. Re1 Qe7 11. Nf1 Nh5 12. Bg5 Bf6 13. Be3 Nf4 14. Bxf4 exf4 15. Qd2 g5 16. N1h2 Bg7 17. h4 h6 18. e5 dxe5 19. Bf5 Nf8 20. Bxc8 Raxc8 21. Nxe5 Bxe5 22. Rxe5 Qd7 23. Rxe8 Rxe8 24. hxg5 hxg5 25. Re1 Rxe1+ 26. Qxe1 Qe6 27. Qxe6 Nxe6 28. Kf1 f5 29. Nf3 Kf7 30. Ke2 Kf6 31. Kd3 g4 32. Ne5 Ng5 33. f3 gxf3 34. gxf3 Ne6 35. b4 Kg5 36. c4 Kh4 37. d5 cxd5 38. cxd5 Nd8 39. Kd4 Kg3 40. Kc5 Kf2 41. Kd4 Ke2 42. a4 b6 43. d6 Nc6+ 44. Nxc6 Kxf3 45. d7 1-0


[Site "https://www.chess.com"]

[Event "Titled Tuesday Blitz November 22 Early 2022"]
[White "Samunenkov, Ihor"]
[Black "Sreyas Payyappat"]
[WhiteFideId "14187086"]
[BlackFideId "46674969"]
[WhiteElo "2441"]
[BlackElo "2083"]
[Result "1-0"]
[Round "03"]
[TimeControl "180+1"]
[Date "2022.11.23"]
[WhiteClock "0:00:24"]
[BlackClock "0:00:17"]

1. e4 c6 2. d4 d5 3. e5 Bf5 4. Nf3 e6 5. Be2 Ne7 6. O-O Ng6 7. c3 Nd7 8. Be3 Be7 9. Nbd2 O-O 10. Ne1 Bg5 11. f4 Be7 12. g4 Be4 13. Nxe4 dxe4 14. Qc2 f5 15. Bc4 Kh8 16. Bxe6 fxg4 17. Qxe4 Nb6 18. Bxg4 Nd5 19. Nd3 Qb6 20. Rf2 Bh4 21. Rg2 Nxe3 22. Qxe3 Qb5 23. Rf1 Ne7 24. Qh3 g5 25. f5 Nd5 26. f6 Rae8 27. Bd7 Rd8 28. Be6 Rde8 29. Bxd5 Qxd5 30. Qf5 Qe6 31. Qxe6 Rxe6 32. Nc5 Ree8 33. f7 Re7 34. e6 Kg7 35. Re2 g4 36. Nd7 Rxd7 37. exd7 Rxf7 38. Rxf7+ Kxf7 39. Re8 b5 40. d8=Q 1-0


[Site "https://www.chess.com"]

[Event "Titled Tuesday Blitz November 22 Early 2022"]
[White "Sarana, Alexey"]
[Black "Munkhgal, Gombosuren"]
[WhiteFideId "24133795"]
[BlackFideId "4901266"]
[WhiteElo "2708"]
[BlackElo "2576"]
[Result "1-0"]
[Round "03"]
[TimeControl "180+1"]
[Date "2022.11.22"]
[WhiteClock "0:00:04"]
[BlackClock "0:00:01"]

1. c4 e6 2. Nc3 d5 3. d4 a6 4. cxd5 exd5 5. Nf3 Nf6 6. Bg5 Be6 7. e3 Nbd7 8. Bd3 Bd6 9. Nd2 c6 10. Qc2 Qc7 11. f4 h6 12. Bh4 g5 13. fxg5 hxg5 14. Bxg5 Bg3+ 15. Ke2 Rxh2 16. Rxh2 Bxh2 17. Nf3 Qg3 18. Kf1 Ng4 19. Qe2 Qc7 20. e4 dxe4 21. Nxe4 Bf4 22. Kg1 Bh2+ 23. Kf1 Bf4 24. Kg1 Bh2+ 25. Kh1 Bf4 26. Bh4 Nb6 27. Nc5 Qd6 28. Nxb7 Qd5 29. Be4 Qh5 30. Nc5 Bg3 31. Nxe6 fxe6 32. Bxc6+ Kf7 33. Rf1 Kg7 34. Qxe6 Bxh4 35. Kg1 Rf8 36. Bd7 Nf2 37. Qe5+ Qxe5 38. Nxe5 1-0


[Site "https://www.chess.com"]

[Event "Titled Tuesday Blitz November 22 Early 2022"]
[White "Sariego Figueredo, Wilfredo"]
[Black "Nissinen, Niilo Man"]
[WhiteFideId "3500080"]
[BlackFideId "30950767"]
[WhiteElo "2309"]
[BlackElo "1896"]
[Result "1-0"]
[Round "03"]
[TimeControl "180+1"]
[Date "2022.11.23"]
[WhiteClock "0:00:13"]
[BlackClock "0:00:06"]

1. d4 Nf6 2. Bf4 g6 3. Nc3 d5 4. Nb5 Na6 5. e3 Bg7 6. Nc3 Nb4 7. a3 Nc6 8. Nb5 e5 9. dxe5 Nh5 10. Be2 Nxf4 11. exf4 O-O 12. Nf3 f6 13. c4 a6 14. Nbd4 Nxd4 15. Qxd4 Bg4 16. cxd5 fxe5 17. fxe5 Bxf3 18. Bxf3 Bxe5 19. Qb4 Bd6 20. Qb3 Re8+ 21. Kf1 Qf6 22. g3 Rf8 23. Kg2 Rf7 24. Rhd1 Raf8 25. Rd3 b6 26. Re1 Re7 27. Rxe7 Bxe7 28. d6+ 1-0


[Site "https://www.chess.com"]

[Event "Titled Tuesday Blitz November 22 Early 2022"]
[White "Savic, Miroslav"]
[Black "Rottenwohrer Suarez, Juan"]
[WhiteFideId "14508494"]
[BlackFideId "32068182"]
[WhiteElo "2209"]
[BlackElo "2195"]
[Result "0-1"]
[Round "03"]
[TimeControl "180+1"]
[Date "2022.11.23"]
[WhiteClock "0:00:09"]
[BlackClock "0:01:06"]

1. Nf3 Nf6 2. c4 g6 3. Nc3 Bg7 4. e4 c5 5. Be2 Nc6 6. Kf1 O-O 7. d3 d6 8. Bg5 h6 9. Bh4 a6 10. Qd2 Bg4 11. Bxf6 exf6 12. h3 Be6 13. Nd5 f5 14. exf5 Bxf5 15. g4 Be6 16. Kg2 Bxd5 17. cxd5 Nb4 18. d4 Nxd5 19. dxc5 dxc5 20. Rhd1 Nb4 21. Qe3 Qa5 22. Qb3 b5 23. a3 Nc6 24. Qd5 Nd4 25. Nxd4 cxd4 26. Bf3 Rad8 27. Qb3 Qb6 28. Rac1 Qf6 29. Be4 Rd6 30. Rc7 h5 31. Qf3 Qg5 32. Rdc1 Rf6 33. Qg3 hxg4 34. Qxg4 Qd2 35. Rf1 Rf4 0-1


[Site "https://www.chess.com"]

[Event "Titled Tuesday Blitz November 22 Early 2022"]
[White "Seo, Jung Min"]
[Black "Tang, Andrew"]
[WhiteFideId "1734687"]
[BlackFideId "2059630"]
[WhiteElo "2455"]
[BlackElo "2581"]
[Result "0-1"]
[Round "03"]
[TimeControl "180+1"]
[Date "2022.11.22"]
[WhiteClock "0:00:50"]
[BlackClock "0:00:06"]

1. e4 e5 2. Nf3 Nc6 3. Bb5 g6 4. c3 a6 5. Bxc6 dxc6 6. d4 exd4 7. cxd4 Bg7 8. h3 Ne7 9. Nc3 O-O 10. O-O h6 11. Bf4 g5 12. Be5 g4 13. hxg4 Bxg4 14. Bxg7 Kxg7 15. d5 Rg8 16. Qd3 Qd6 17. e5 Qg6 18. Qxg6+ Nxg6 19. Nh2 Bd7 20. f4 Kf8 21. g3 Ne7 22. dxc6 Bxc6 23. Kf2 h5 24. Rad1 Nf5 25. Rg1 Ke7 26. Nf3 Rg4 27. Nd5+ Bxd5 28. Rxd5 h4 29. Nxh4 Nxh4 30. gxh4 Rxf4+ 31. Kg3 Rc4 32. Kh3 Rh8 33. Rg4 Rc2 34. Rgd4 Ke6 35. Rd2 Rc4 36. R2d4 Rxd4 37. Rxd4 Kxe5 38. Rd7 f5 39. Rxc7 b5 40. Ra7 Rh6 41. Re7+ Kf4 42. Re1 Rd6 43. Rf1+ Ke5 44. Rf2 f4 45. Kg4 Rg6+ 46. Kh5 Rg8 47. Kh6 Ke4 48. h5 f3 49. Kh7 Rg2 50. Rf1 f2 51. h6 Ke3 52. Kh8 Ke2 53. Rc1 f1=Q 54. Rxf1 Kxf1 55. h7 Rxb2 0-1


[Site "https://www.chess.com"]